 Dungeon Crawl Stone Soup version 0.21-a0-260-g9b2435e (webtiles) character file.

4331 sveltemanboy the Cleaver (level 10, -1/70 HPs)
             Began as a Demonspawn Monk on Sept 7, 2017.
             Was a Follower of Ru.
             Slain by a troll (10 damage)
             ... on level 8 of the Dungeon.
             The game lasted 00:19:28 (8708 turns).

sveltemanboy the Cleaver (Demonspawn Monk)          Turns: 8708, Time: 00:19:29

Health: -1/70      AC: 15    Str: 13    XL:     10   Next: 12%
Magic:  12/12      EV: 12    Int: 12    God:    Ru [*.....]
Gold:   529        SH:  0    Dex: 15    Spells: 9/9 levels left

rFire    x . .     SeeInvis +   a - +0 hand axe
rCold    + + .     Gourm    .   (no shield)
rNeg     + . .     Faith    .   C - +0 pearl dragon scales
rPois    .         Spirit   .   (helmet restricted)
rElec    +         Reflect  .   (no cloak)
rCorr    .         Harm     .   (no gloves)
MR       .....                  (no boots)
Stlth    ..........             i - amulet of rage
HPRegen  0.21/turn              x - +2 ring of evasion
MPRegen  0.13/turn              u - ring of ice

@: flying
A: horns 1, thin metallic scales 3, see invisible, cold resistance 1, low mp 1,
powered by pain 1, weak 1, no charms magic, no earth magic, no hexes magic,
disrupted magic 1
a: Renounce Religion, Evoke Berserk Rage


You were on level 8 of the Dungeon.
You worshipped Ru.
Ru was aware of your devotion.
You were not hungry.

You visited 1 branch of the dungeon, and saw 8 of its levels.

You collected 529 gold pieces.

Inventory:

Hand Weapons
 a - a +0 hand axe (weapon)
Armour
 C - +0 pearl dragon scales (worn)
Jewellery
 b - an uncursed amulet of regeneration {unknown}
 i - an amulet of rage (around neck)
 u - a ring of ice (right hand)
 x - a +2 ring of evasion (left hand)
Wands
 l - a wand of paralysis (11/24)
 s - a wand of confusion (21/48)
 G - a wand of polymorph (13/24)
Scrolls
 d - a scroll of magic mapping {unknown}
 g - a scroll of recharging {unknown}
 h - 3 scrolls of remove curse
 j - 5 scrolls of identify
 m - 2 scrolls of amnesia {unknown}
 n - a scroll of immolation {unknown}
 o - a scroll of enchant armour {unknown}
 p - 2 scrolls of fog {unknown}
 y - 2 scrolls of noise {unknown}
 A - a scroll of teleportation {unknown}
 B - a scroll of enchant weapon {unknown}
 E - 2 scrolls of blinking {unknown}
 H - a scroll of summoning {unknown}
 I - a scroll of silence {unknown}
Potions
 e - 3 potions of cancellation
 k - a potion of resistance {unknown}
 q - 2 potions of flight
 r - a potion of brilliance
 t - 4 potions of mutation
 v - a potion of berserk rage {unknown}
 w - a potion of invisibility
 z - 4 potions of heal wounds {unknown}
 D - a potion of lignification
Comestibles
 c - 3 bread rations
 f - 4 meat rations
 F - 2 chunks of flesh


   Skills:
 - Level 3.0 Fighting
 * Level 13.5 Axes
 - Level 3.0 Armour
 - Level 3.0 Dodging
 - Level 1.7 Stealth
 + Level 5.4 Evocations


You had 9 spell levels left.
You didn't know any spells.

Dungeon Overview and Level Annotations

Branches:
Dungeon (8/15)             Temple (0/1) D:6
   Lair: D:8-11

Altars:
Qazlal
Ru


Innate Abilities, Weirdness & Mutations

You have a pair of small horns on your head.
You are completely covered in thin metallic scales. (AC +4, rElec)
Your flesh is cold resistant. (rC+)
You sometimes gain a little power by taking damage.
You cannot study or cast Charms magic.
You cannot study or cast Earth magic.
You cannot study or cast Hexes magic.
Your casting is slightly disrupted.
You have supernaturally acute eyesight. (SInv)
Your magical capacity is low. (-10% MP)
You are weak. (Str -2)


Message History

The troll is severely wounded.
It was a potion of cancellation.
Your magical effects are unravelling.
You feel magically purged.
You feel less wooden.
Your +0 pearl dragon scales unmelds from your body.
The troll barely misses you. x2; The troll misses you.
It was a potion of flight.
You feel very buoyant.
You fly up into the air.
The troll barely misses you.
The troll claws you but does no damage. x2
It was a potion of mutation.
You feel extremely strange. The horns on your head shrink a bit.
You feel less resistant to hostile enchantments.
Your vision sharpens.
Thin metallic scales cover your body completely.
The troll bites you.
* * * LOW HITPOINT WARNING * * *
The troll claws you!
You die...

#.....#######.......#
#.##### #######.#
#.## #.# #..# ##.##
####.#### ##...#
#.......# #.###.
#.##.##<# #.# #. #
#.##.# #.###. ..##@#
##...# .####T# #....
.. #.# #..## #. ..#
#..## ## ### #..#
#..# ...# ##>## .#. #


You could see a troll.

Vanquished Creatures
  The ghost of p0werm0de the Fighter, a novice DsHu of Cheibriados (D:7)
  The ghost of sveltemanboy the Insei, a novice DsMo (D:5)
  A hippogriff (D:7)
  Sigmund (D:3)
  A wyvern (D:6)
  Menkaure (D:7)
  A water moccasin (D:5)
  2 black bears
  An ice beast (D:6)
  3 sky beasts
  3 phantoms
  A necrophage (D:5)
  2 centaurs
  A big kobold (D:8)
  2 scorpions
  3 crimson imps (D:5)
  2 jellies
  A bullfrog skeleton (D:8)
  8 orc priests
  5 hounds
  8 orc wizards
  3 iguanas
  7 worker ants
  2 worker ant zombies
  9 adders
  2 shadow imps
  An ooze (D:3)
  3 worms
  4 dart slugs
  5 leopard geckos
  32 orcs
  2 ball pythons
  5 giant cockroaches
  6 goblins
  4 hobgoblins
  14 jackals
  4 kobolds
  4 quokkas
  6 bats
  2 frilled lizards
  A jackal skeleton (D:7)
  A leopard gecko skeleton (D:5)
  7 rats
173 creatures vanquished.

Notes
Turn   | Place    | Note
-------+----------+-------------------------------------------
     0 | D:1      | sveltemanboy the Demonspawn Monk began the quest for the Orb.
     0 | D:1      | Reached XP level 1. HP: 18/18 MP: 1/1
   365 | D:1      | Reached skill level 3 in Axes
   492 | D:1      | Gained mutation: You are partially covered in thin metallic scales. (AC +2) [demonic ancestry]
   492 | D:1      | Reached XP level 2. HP: 13/24 MP: 2/2
  1239 | D:2      | Reached skill level 1 in Armour
  1305 | D:2      | Gained mutation: You sometimes gain a little power by taking damage. [demonic ancestry]
  1305 | D:2      | Reached XP level 3. HP: 18/29 MP: 3/3
  2011 | D:3      | Reached skill level 4 in Axes
  2011 | D:3      | Gained mutation: Your flesh is cold resistant. (rC+) [demonic ancestry]
  2011 | D:3      | Reached XP level 4. HP: 7/35 MP: 4/4
  2523 | D:3      | Noticed Sigmund
  2559 | D:3      | Killed Sigmund
  2559 | D:3      | Reached skill level 5 in Axes
  2559 | D:3      | Reached XP level 5. HP: 29/41 MP: 5/5
  2792 | D:3      | Reached skill level 11 in Axes
  2792 | D:3      | Gained mutation: You have a pair of small horns on your head. [demonic ancestry]
  2792 | D:3      | Reached XP level 6. HP: 47/47 MP: 6/6
  3236 | D:4      | Gained mutation: You are mostly covered in thin metallic scales. (AC +3) [demonic ancestry]
  3236 | D:4      | Reached XP level 7. HP: 52/52 MP: 7/7
  3516 | D:4      | Found a stormy altar of Qazlal.
  3545 | D:4      | Reached skill level 1 in Evocations
  3547 | D:4      | Reached skill level 12 in Axes
  4659 | D:5      | Entered Level 5 of the Dungeon
  4691 | D:5      | Noticed sveltemanboy's ghost (novice DsMo)
  4713 | D:5      | Reached XP level 8. HP: 47/58 MP: 9/9
  4748 | D:5      | Killed sveltemanboy's ghost
  4816 | D:5      | Gained mutation: You have a pair of horns on your head. [mutagenic meat]
  4817 | D:5      | Gained mutation: You are resistant to hostile enchantments. (MR+) [mutagenic meat]
  4818 | D:5      | Gained mutation: You are weak. (Str -2) [mutagenic meat]
  4819 | D:5      | Gained mutation: Your magical capacity is low. (-10% MP) [mutagenic meat]
  5408 | D:5      | Found a sacrificial altar of Ru.
  5493 | D:5      | Became a worshipper of Ru the Awakened
  5497 | D:5      | Gained mutation: Your casting is slightly disrupted. [Ru sacrifice]
  5579 | D:5      | Reached XP level 9. HP: 36/63 MP: 10/10
  7066 | D:6      | Found a staircase to the Ecumenical Temple.
  7189 | D:7      | Noticed Menkaure
  7200 | D:7      | Killed Menkaure
  7296 | D:7      | Reached skill level 13 in Axes
  7626 | D:7      | Noticed p0werm0de's ghost (novice DsHu)
  7708 | D:7      | Killed p0werm0de's ghost
  7708 | D:7      | Reached skill level 5 in Evocations
  7928 | D:7      | Gained mutation: You cannot study or cast Earth magic. [Ru sacrifice]
  7928 | D:7      | Gained mutation: You cannot study or cast Hexes magic. [Ru sacrifice]
  7928 | D:7      | Gained mutation: You cannot study or cast Charms magic. [Ru sacrifice]
  7928 | D:7      | Reached * piety under Ru
  8085 | D:7      | Reached XP level 10. HP: 62/70 MP: 12/12
  8708 | D:8      | Lost mutation: You have a pair of horns on your head. [potion of mutation]
  8708 | D:8      | Lost mutation: You are resistant to hostile enchantments. (MR+) [potion of mutation]
  8708 | D:8      | Gained mutation: You have supernaturally acute eyesight. (SInv) [potion of mutation]
  8708 | D:8      | Gained mutation: You are completely covered in thin metallic scales. (AC +4, rElec) [potion of mutation]
  8708 | D:8      | Slain by a troll

Vault maps used:
D:1:      minmay_arrival_widening_spiral_wide
D:3:      uniq_sigmund
D:4:      first_bread, grunt_qazlal_clouds
D:5:      nicolae_ru_sacrificial_ziggurat
D:6:      temple_statues, enter_ossuary_1
D:7:      uniq_menkaure

Skill      XL: |  1  2  3  4  5  6  7  8  9 |
---------------+----------------------------+-----
Axes           | 3 4 5 11 12 13 | 13.5
Armour         | 1 2 3 |  3.0
Dodging        | 3 |  3.0
Evocations     | 1 3 5 |  5.4
Fighting       | |  3.0
Stealth        | |  1.7

Action                   |  1- 3 |  4- 6 |  7- 9 | 10-12 || total
-------------------------+-------+-------+-------+-------++-------
Melee: Hand axe          |   135 |    76 |   609 |    88 ||   908
       Headbutt          |       |     5 |   105 |    21 ||   131
Invok: Sacrifice Essence |       |       |     1 |       ||     1
       Sacrifice Arcana  |       |       |     1 |       ||     1
Evoke: Wand              |       |     3 |       |       ||     3
  Use: Potion            |     2 |     4 |     4 |     4 ||    14
       Scroll            |       |     5 |     1 |       ||     6
 Stab: Sleeping          |     2 |     1 |     1 |       ||     4
       Distracted        |       |     1 |       |       ||     1
  Eat: Chunk             |     3 |     4 |    17 |     3 ||    27
       Bread ration      |       |       |     1 |       ||     1
Armor: Robe              |     3 |       |       |       ||     3
       Ring mail         |    48 |    21 |    72 |       ||   141
       Skin              |       |       |    88 |    15 ||   103
       Pearl dragon scal |       |       |    40 |    30 ||    70
Dodge: Dodged            |    68 |    45 |   214 |    48 ||   375

Table legend:
 A = Spawn XP
 B = Non-spawn XP
 C = Spawn XP percentage of total XP
 D = Spawn monster count
 E = Non-spawn monster count
 F = Spawn count percentage of total count
 G = Total turns spent on level
                    A         B        C        D         E        F      G
               +---------+---------+-------+---------+---------+-------+---------
         Total |       0 |    5847 |   0.0 |       0 |     173 |   0.0 |  8708
               +---------+---------+-------+---------+---------+-------+---------
           D:1 |       0 |      26 |   0.0 |       0 |      15 |   0.0 |   991
           D:2 |       0 |      41 |   0.0 |       0 |      17 |   0.0 |   884
           D:3 |       0 |     322 |   0.0 |       0 |      22 |   0.0 |  1273
           D:4 |       0 |     525 |   0.0 |       0 |      25 |   0.0 |  1511
           D:5 |       0 |    1703 |   0.0 |       0 |      34 |   0.0 |  1273
           D:6 |       0 |     866 |   0.0 |       0 |      28 |   0.0 |  1171
           D:7 |       0 |    1760 |   0.0 |       0 |      17 |   0.0 |  1191
           D:8 |       0 |     604 |   0.0 |       0 |      15 |   0.0 |   414
               +---------+---------+-------+---------+---------+-------+---------
